 Dungeon Crawl Stone Soup version 0.28-a0-1182-g381e24db82 (webtiles) character file.

Game seed: 2867300478080533165

38 ytrimaz the Insei (level 3, 0/23 HPs)
             Began as an Octopode Transmuter on Dec 16, 2021.
             Succumbed to an adder's poison
             ... on level 2 of the Dungeon.
             The game lasted 00:01:23 (1541 turns).

ytrimaz the Insei (Octopode Transmuter)             Turns: 1541, Time: 00:01:24

Health: 0/23       AC:  2    Str:  9    XL:     3   Next: 43%
Magic:  4/6        EV: 19    Int: 17    God:
Gold:   37         SH:  0    Dex: 17    Spells: 0/6 levels left

rFire   . . .      SeeInvis .     - Unarmed
rCold   . . .      Faith    .   (shield currently unavailable)
rNeg    . . .      Spirit   .   (helmet currently unavailable)
rPois   x          Reflect  .   (no amulet)
rElec   .          Harm     .   (no ring)
rCorr   .          Rampage  .   (no ring)
Will    .....                   (no ring)
Stlth   ++........              (no ring)
HPRegen 0.07/turn               (no ring)
MPRegen 0.10/turn               (no ring)
                                (no ring)
                                (no ring)

@: lethally poisoned (0 -> -8), spider-form (expiring), flying
A: venomous fangs, almost no armour, (amphibious), 8 rings, tiny, (camouflage
1), (gelatinous body 1), (nimble swimmer 1), (tentacles)
a: End Transformation


You were on level 2 of the Dungeon.
You were a venomous arachnid creature.
You visited 1 branch of the dungeon, and saw 2 of its levels.

You collected 37 gold pieces.

Inventory:

Scrolls
 a - a scroll of blinking


   Skills:
 * Level 1.4 Fighting
 * Level 2.3 Dodging
 + Level 3.4 Unarmed Combat
 * Level 2.4 Spellcasting
 * Level 2.3 Transmutations


You couldn't memorise any spells.
You knew the following spells:

 Your Spells              Type           Power      Damage    Failure   Level
a - Beastly Appendage     Tmut           20%        N/A       19%         1
b - Wereblood             Tmut           10%        N/A       26%         2
c - Spider Form           Tmut/Pois      6%         N/A       56%         3

Your spell library contained the following spells:

 Spells                   Type           Power      Damage    Failure   Level
 Vampiric Draining        Necr           2%         2d6       71%         3
 Ice Form                 Ice/Tmut       6%         N/A       89%         4
 Borgnjor's Vile Clutch   Necr/Erth      1%         N/A       100%        5


Dungeon Overview and Level Annotations

Branches:
Dungeon (2/15)

Altars:


Innate Abilities, Weirdness & Mutations

You are a venomous arachnid creature.
You have poisonous fangs.
You are tiny and dextrous.
Your spellcasting is less reliable in this form.
Your armour is entirely melded.
You are incapable of wielding weapons or throwing items.
You cannot wear most types of armour.
((You are amphibious.))
You can wear up to eight rings at the same time.
((Your skin changes colour to match your surroundings (Stealth+).))
((Your rubbery body absorbs attacks. (AC +1, EV +1)))
((You are camouflaged near water. (Stealth+)))
((You have tentacles for arms and can constrict up to eight enemies at once.))


Message History

An adder is nearby!
An adder is nearby!
Casting: Beastly Appendage (safe; 8% risk of failure)
Confirm with . or Enter, or press ? or * to list all spells.
The spell is extremely dangerous to miscast (34% risk of failure)!
Continue anyway?
You turn into a venomous arachnid creature.
Your transformation is almost over.
The helpless adder fails to defend itself.
You bite the adder!
The adder is poisoned.
The adder is severely wounded.
The adder bites you. The adder completely misses you.
You hit the adder.
The adder is almost dead.
The adder misses you.
You closely miss the adder.
The adder is almost dead.
The adder bites you.
You are poisoned.
The adder poisons you!
An adder is nearby!
An adder is nearby!
You barely miss the adder.
The adder is almost dead.
You feel sick. The adder bites you.
You are lethally poisoned!
The adder poisons you!
Unknown command.
You feel very sick.
You kill the adder!
* * * LOW HITPOINT WARNING * * *
You feel very sick.
It was a potion of flight.
You feel very buoyant.
You fly up into the air.
* * * LOW HITPOINT WARNING * * *
You feel sick.
You aren't carrying any potions.
Unknown command.
Okay, then.
You die...

##### ##.#.############ ##
..#............# #.
#†#.##########.# ##
#.#......<# #.# #
####.#.############.#####
.........s.........#......
#####.#.##########.#######
#.#.. #####.#...... . #..
#.......##### ## #.P.
#.......# .P.P #.......#
$.♣.♣ #.......# P.
#....(..# #.......#


There were no monsters in sight!

Vanquished Creatures
  An adder (D:2)
  A ball python (D:1)
  3 endoplasms (D:1)
  2 giant cockroaches
  3 goblins (D:1)
  5 hobgoblins
  A kobold (D:1)
  A quokka (D:2)
  4 bats
  A frilled lizard (D:2)
  4 rats
26 creatures vanquished.

Vanquished Creatures (others)
  4 plants (D:2)
4 creatures vanquished.

Grand Total: 30 creatures vanquished

Notes
Turn   | Place    | Note
-------+----------+-------------------------------------------
     0 | D:1      | ytrimaz the Octopode Transmuter began the quest for the
                  | Orb.
     0 | D:1      | Reached XP level 1. HP: 13/13 MP: 3/3
   417 | D:1      | Reached XP level 2. HP: 18/18 MP: 5/5
   494 | D:1      | Got Foptar's Handbook of Evil Secrets
   781 | D:1      | Learned a level 2 spell: Wereblood
  1312 | D:2      | Reached XP level 3. HP: 23/23 MP: 4/6
  1316 | D:2      | Learned a level 3 spell: Spider Form
  1541 | D:2      | Succumbed to an adder's poison

Illustrated notes

Levels and vault maps discovered:
D:1:      dpeg_arrival_erosion, layout_basic
D:2:      layout_basic, serial_forest, infiniplex_forest_straight_2,
          infiniplex_forest_pool, infiniplex_forest_clump_small,
          infiniplex_forest_straight_5, infiniplex_forest_end_2,
          hellmonk_ecumenical_altar_pennies_from_heaven,
          guppyfry_early_lair_pool

Action                   || total
-------------------------++-------
Melee: Unarmed           ||    53
       Constrict         ||    16
       Kick              ||     7
       Tentacles         ||     6
 Cast: Beastly Appendage ||    15
       Spider Form       ||     1
  Use: Scroll            ||     4
       Potion            ||     1
 Stab: Sleeping          ||    10
       Fleeing           ||     1
Armor: Skin              ||     3
Dodge: Dodged            ||    39

Table legend: (Time is in decaauts)
 A = Elapsed time spent in this place.
 B = Non-inter-level travel time spent in this place.
 C = Inter-level travel time spent in this place.
 D = Time resting spent in this place.
 E = Time spent auto-exploring this place.
 F = Levels seen in this place.
 G = Mean time per level.
                   A        B        C        D        E       F      G
               +--------+--------+--------+--------+--------+-----+--------+
         Total |   1537 |   1515 |     22 |      0 |   1254 |   2 |  768.5 |
       Dungeon |   1537 |   1515 |     22 |      0 |   1254 |   2 |  768.5 |
               +--------+--------+--------+--------+--------+-----+--------+

Top non-repeatable levels by time:
     D:1: 1197 daAuts
     D:2: 340 daAuts
